 Dungeon Crawl Stone Soup version 0.22-a0-775-ga7d80019b5 (webtiles) character file.

341 Banto the Sneak (level 6, 0/36 HPs)
             Began as an Octopode Earth Elementalist on July 18, 2018.
             Slain by a leopard gecko (5 damage)
             ... on level 4 of the Dungeon.
             The game lasted 00:05:14 (4012 turns).

Banto the Sneak (Octopode Earth Elementalist)       Turns: 4012, Time: 00:05:14

Health: 0/36       AC:  1    Str:  5 (8)  XL:     6   Next: 56%
Magic:  14/19      EV: 13    Int: 17 (19) God:
Gold:   296        SH:  0    Dex: 11 (12) Spells: 0/10 levels left

rFire    . . .     SeeInvis .   e - +0 short sword
rCold    . . .     Gourm    .   (no shield)
rNeg     . . .     Faith    .   (helmet restricted)
rPois    .         Spirit   .   (no amulet)
rElec    .         Reflect  .   f - ring of magical power
rCorr    .         Harm     .   (no ring)
MR       .....                  (no ring)
Stlth    ++++......             (no ring)
HPRegen  0.12/turn              (no ring)
MPRegen  0.16/turn              (no ring)
                                (no ring)
                                (no ring)

@: drained
A: almost no armour, stealthy swim, amphibious, 8 rings, constrict 8, camouflage
1, gelatinous body 1
a: no special abilities


You were on level 4 of the Dungeon.
You were not hungry.

You visited 1 branch of the dungeon, and saw 4 of its levels.

You collected 296 gold pieces.

Inventory:

Hand Weapons
 e - a +0 short sword (weapon)
 g - a +0 dagger
Missiles
 b - 91 stones (quivered)
Jewellery
 f - a ring of magical power (left tentacle)
 n - an uncursed amulet of the acrobat {unknown}
Scrolls
 k - 2 scrolls of enchant armour
 l - a scroll of fog
Potions
 d - 2 potions of might
 h - a potion of curing {unknown}
 i - a potion of haste
Comestibles
 c - 12 rations


   Skills:
 - Level 2.0(1.8) Dodging
 + Level 6.2(6.0) Stealth
 + Level 2.9(2.8) Spellcasting
 + Level 2.4(2.3) Transmutations
 + Level 4.8(4.7) Earth Magic


You couldn't memorise any spells.
You knew the following spells:

 Your Spells              Type           Power        Failure   Level  Hunger
a - Sandblast             Erth           ###...       2%          1    #......
b - Passwall              Tmut/Erth      ##......     6%          2    ##.....
c - Stone Arrow           Conj/Erth      ##....       21%         3    ###....
d - Petrify               Tmut/Erth      ##......     38%         4    #####..

Your spell library contained the following spells:

 Spells                   Type           Power        Failure   Level  Hunger
 Apportation              Tloc           #.....       19%         1    #......
 Summon Small Mammal      Summ           #...         19%         1    #......
 Animate Skeleton         Necr           N/A          19%         1    #......
 Confusing Touch          Hex            #.....       19%         1    #......
 Lee's Rapid Deconstruct  Erth           ###.......   56%         5    ######.


Dungeon Overview and Level Annotations

Branches:
Dungeon (4/15)
 Temple: D:4-7

Altars:
Fedhas
Yredelemnul
Beogh

Annotations:
D:3 3 runed doors, temitten's ghost, amateur DsFi
D:4 exclusion: 2 ogres


Innate Abilities, Weirdness & Mutations

You cannot wear most types of armour.
You are very stealthy in the water. (Stealth+)
You are amphibious.
You can wear up to eight rings at the same time.
You can use your tentacles to constrict eight enemies at once.
Your skin changes colour to match your surroundings (Stealth+).
Your rubbery body absorbs attacks. (AC +1, EV +1)


Message History

Press: ? - help, Shift-Dir - straight line, f/p - orc priest
Aim: an orc priest, wearing a leather armour (heavily wounded, constricted by you)
The blast of sand hits the orc priest.
The orc priest is severely wounded.
b - 92 stones You constrict the orc priest.
The orc priest hits you.
* * * LOW HITPOINT WARNING * * *
The leopard gecko barely misses you.
You take 1 damage, and have 4/36 hp.
You now have 15/19 mp.
Casting: Sandblast (safe; 2% risk of failure)
Confirm with . or Enter, or press ? or * to list all spells.
Aiming: Sandblast (safe; 2% risk of failure)
Press: ? - help, Shift-Dir - straight line, f/p - orc priest
Aim: an orc priest, wearing a leather armour (severely wounded, constricted by you)
The blast of sand hits the orc priest.
The orc priest is severely wounded.
b - 91 stones You constrict the orc priest.
The orc priest closely misses you. The leopard gecko bites you.
You die...

.......# #......#
....#.## )##.#.#
....#.# #####.#######
#### .............
..<
#####.###########.#.#
............%..[@l..#
#####.###.......#o#.#
# ...#...........# #
#####.#.#####.#.# #
...... ..#.# #
###.#.# ###.# # #.#..
.# # # ### ## #


You could see an orc priest and a leopard gecko.

Vanquished Creatures
  2 hounds (D:4)
  A bullfrog skeleton (D:4)
  An iguana (D:4)
  2 orc priests (D:4)
  A worker ant (D:4)
  5 adders
  An adder zombie (D:2)
  An adder skeleton (D:4)
  2 worms (D:2)
  A dart slug (D:2)
  3 leopard geckos
  8 orcs
  3 giant cockroaches
  9 goblins
  4 hobgoblins
  5 jackals (D:1)
  9 kobolds
  A quokka (D:2)
  3 ball pythons
  5 bats
  4 frilled lizards
  A leopard gecko skeleton (D:4)
  A quokka skeleton (D:4)
  8 rats
  A spectral orc (D:4)
82 creatures vanquished.

Notes
Turn   | Place    | Note
-------+----------+-------------------------------------------
     0 | D:1      | Banto the Octopode Earth Elementalist began the quest for the Orb.
     0 | D:1      | Reached XP level 1. HP: 11/11 MP: 3/3
   145 | D:1      | Reached skill level 3 in Stealth
   151 | D:1      | Reached XP level 2. HP: 7/17 MP: 0/5
   582 | D:1      | Reached XP level 3. HP: 6/21 MP: 0/6
   647 | D:1      | Learned a level 2 spell: Passwall
   651 | D:1      | Learned a level 3 spell: Stone Arrow
  1114 | D:2      | Reached skill level 4 in Stealth
  1164 | D:2      | Found a blossoming altar of Fedhas.
  1555 | D:2      | Reached XP level 4. HP: 19/27 MP: 2/7
  2068 | D:3      | Reached skill level 5 in Stealth
  2078 | D:3      | Noticed an ice beast
  2385 | D:3      | Found a runed gate.
  2385 | D:3      | Noticed temitten's ghost (amateur DsFi)
  2388 | D:3      | Found a runed gate.
  2389 | D:3      | Found a runed gate.
  2408 | D:3      | Found a roughly hewn altar of Beogh.
  2784 | D:4      | Reached XP level 5. HP: 31/31 MP: 8/8
  3053 | D:4      | Reached XP level 6. HP: 36/36 MP: 9/9
  3071 | D:4      | Learned a level 4 spell: Petrify
  3278 | D:4      | Reached skill level 6 in Stealth
  3832 | D:4      | Found a basalt altar of Yredelemnul.
  4012 | D:4      | Slain by a leopard gecko

Vault maps used:
D:1:      enne_arrival_octagon_isle, minmay_misc_feat_x
D:2:      fedhas_altar_2, first_ration, kennysheep_generic_room_14
D:3:      biasface_ghost_orc_armoury
D:4:      yredelemnul_forgotten_temple_becter, minivault_26

Skill      XL: |  1  2  3  4  5  6 |
---------------+-------------------+-----
Stealth        | 3 4 5 6 |  6.2
Earth Magic    | 4 |  4.8
Transmutations | 2 |  2.4
Dodging        | |  2.0
Spellcasting   | |  2.9

Action                   |  1- 3 |  4- 6 || total
-------------------------+-------+-------++-------
Melee: Unarmed           |    37 |       ||    37
       Constrict         |    26 |    18 ||    44
       Tentacles         |    18 |    10 ||    28
       Short sword       |    59 |    72 ||   131
       Dagger            |       |     3 ||     3
 Cast: Sandblast         |    15 |    37 ||    52
       Passwall          |       |     4 ||     4
       Stone Arrow       |       |     2 ||     2
  Use: Scroll            |     4 |     3 ||     7
       Potion            |       |     3 ||     3
 Stab: Sleeping          |    11 |     8 ||    19
       Distracted        |     1 |       ||     1
  Eat: Chunk             |     2 |     9 ||    11
Armor: Skin              |     9 |     9 ||    18
Dodge: Dodged            |    72 |    51 ||   123

Table legend:
 A = Spawn XP
 B = Non-spawn XP
 C = Spawn XP percentage of total XP
 D = Spawn monster count
 E = Non-spawn monster count
 F = Spawn count percentage of total count
 G = Total turns spent on level
                    A         B        C        D         E        F      G
               +---------+---------+-------+---------+---------+-------+---------
         Total |       0 |     488 |   0.0 |       0 |      82 |   0.0 |  4012
               +---------+---------+-------+---------+---------+-------+---------
           D:1 |       0 |      37 |   0.0 |       0 |      22 |   0.0 |  1102
           D:2 |       0 |      76 |   0.0 |       0 |      31 |   0.0 |   934
           D:3 |       0 |      45 |   0.0 |       0 |      11 |   0.0 |   679
           D:4 |       0 |     330 |   0.0 |       0 |      18 |   0.0 |  1297
               +---------+---------+-------+---------+---------+-------+---------

Table legend:
 A = Turns spent in this place as a percentage of turns spent in the entire game.
 B = Non-inter-level travel turns spent in this place as a percentage of non-inter-level travel turns spent in the entire game.
 C = Inter-level travel turns spent in this place as a percentage of turns spent in this place.
 D = Turns resting spent in this place as a percentage of non-inter-level travel turns spent in this place.
 E = Turns spent auto-exploring this place as a percentage of non-inter-level travel turns spent in this place.
 F = Non-inter-level travel turns spent in this place divided by the number of levels of this place that you've seen.
                   A       B       C       D       E      F
               +-------+-------+-------+-------+-------+----------------------
         Total | 100.0 | 100.0 |   2.7 |  38.9 |  39.9 | 976.2
       Dungeon | 100.0 | 100.0 |   2.7 |  38.9 |  39.9 | 976.2
               +-------+-------+-------+-------+-------+----------------------

Table legend:
 A = Kills in this place as a percentage of kills in entire the game.
 B = Kills by you in this place as a percentage of kills by you in the entire game.
 C = Kills by friends in this place as a percentage of kills by friends in the entire game.
 D = Other kills in this place as a percentage of other kills in the entire game.
 E = Experience gained in this place as a percentage of experience gained in the entire game.
 F = Experience gained in this place divided by the number of levels of this place that you have seen.
                   A       B       C       D       E      F
               +-------+-------+-------+-------+-------+----------------------
         Total | 100.0 | 100.0 |   N/A |   N/A | 100.0 | 122.0
       Dungeon | 100.0 | 100.0 |   N/A |   N/A | 100.0 | 122.0
               +-------+-------+-------+-------+-------+----------------------
